 Dungeon Crawl Stone Soup version 0.30-a0-652-gcc886f7154 (webtiles) character file.

Game seed: 4024333432326574586

4 wormed the Grasshopper (level 1, 0/14 HPs)
             Began as an Octopode Warper on Jan 18, 2023.
             Slain by a ball python (2 damage)
             ... on level 1 of the Dungeon.
             The game lasted 00:00:24 (57 turns).

wormed the Grasshopper (Octopode Warper)              Turns: 57, Time: 00:00:24

Health: 0/14       AC:  1    Str: 10    XL:     1   Next: 60%
Magic:  3/3        EV: 10    Int: 15    God:
Gold:   12         SH:  0    Dex: 11    Spells: 4/4 levels left

rFire   . . .      SeeInvis .      - Unarmed
rCold   . . .      Faith    .    (no shield)
rNeg    . . .      Spirit   .    (helmet restricted)
rPois   .          Reflect  .    (no amulet)
rElec   .          Harm     .    (no ring)
rCorr   .          Rampage  .    (no ring)
Will    .....                    (no ring)
Stlth   ++                       (no ring)
HPRegen 0.22/turn                (no ring)
MPRegen 0.08/turn                (no ring)
                                 (no ring)
                                 (no ring)

@: constricted
A: almost no armour, amphibious, 8 rings, camouflage 1, gelatinous body 1,
(nimble swimmer 1), tentacles
a: no special abilities


You were on level 1 of the Dungeon.
You visited 1 branch of the dungeon, and saw 1 of its levels.

You collected 12 gold pieces.

Inventory:

Missiles
 b - 7 boomerangs of dispersal (quivered)
Scrolls
 a - a scroll of blinking
 c - a scroll of noise {unknown}


   Skills:
 + Level 2.1 Fighting
 - Level 1.0 Throwing
 + Level 2.4 Dodging
 + Level 2.1 Unarmed Combat
 + Level 2.0 Spellcasting
 - Level 3.0 Translocations


You had 4 spell levels left.
You didn't know any spells.
Your spell library contained the following spells:

 Spells                   Type           Power      Damage    Failure   Level
 Blink                    Tloc           20%        N/A       10%         2
 Lesser Beckoning         Tloc           20%        N/A       10%         2
 Teleport Other           Tloc           10%        N/A       19%         3
 Vhi's Electric Charge    Tloc/Air       12%        N/A       34%         3
 Manifold Assault         Tloc           10%        N/A       54%         4


Dungeon Overview and Level Annotations

Branches:
Dungeon (1/15)

Altars:


Innate Abilities, Weirdness & Mutations

You cannot wear most types of armour.
You are amphibious.
You can wear up to eight rings at the same time.
Your skin changes colour to match your surroundings (Stealth+).
Your rubbery body absorbs attacks. (AC +1, EV +1)
((You are camouflaged when in or above water. (Stealth+)))
You have tentacles for arms and can constrict up to eight enemies at once.


Message History

The giant cockroach attacks as you move away!
The giant cockroach bites you. The goblin attacks as you move away!
The goblin completely misses you.
You see here a giant cockroach corpse.
The giant cockroach bites you but does no damage.
You tentacle-slap the giant cockroach but do no damage.
You grab the giant cockroach.
You squeeze the giant cockroach, but do no damage.
You constrict the giant cockroach.
The giant cockroach bites you but does no damage.
You tentacle-slap the giant cockroach.
The giant cockroach is heavily wounded.
You constrict the giant cockroach, but do no damage.
The giant cockroach bites you.
You tentacle-slap the giant cockroach but do no damage.
The giant cockroach is heavily wounded.
You constrict the giant cockroach.
The giant cockroach completely misses you.
The giant cockroach waves its antennae.
The giant cockroach misses you.
You tentacle-slap the giant cockroach but do no damage.
The giant cockroach is severely wounded.
You constrict the giant cockroach.
You kill the giant cockroach!
You closely miss the ball python. Your grab misses the ball python.
Your tentacle-slap misses the ball python.
The ball python bites you. The ball python completely misses you.
You tentacle-slap the ball python. Your grab misses the ball python.
The ball python is moderately wounded.
The ball python closely misses you. The ball python grabs you.
The ball python constricts you.
* * * LOW HITPOINT WARNING * * *
The ball python bites you.
* * * LOW HITPOINT WARNING * * *
The ball python constricts you.
* * * LOW HITPOINT WARNING * * *
You barely miss the ball python. You grab the ball python.
The ball python is moderately wounded.
You constrict the ball python. The ball python bites you.
You die...

#...........# #...........#
#.⌠...<...⌠.# ..# ###+#.
#...........# #.# ......
#..|........# #.# ......
##..#####..## #.# ...... #...
#...# #.# ...... #...###...#
###### #.# ......
##...#...####.@SK###.####†.....
##.....###...##rgJ#...K.......
............######K............
############# ###...........
##.......... #..........
#...#####.. ##### .. .


You could see an endoplasm, a goblin, a ball python, 2 kobolds and a rat.

Vanquished Creatures
  2 giant cockroaches (D:1)
  A ball python (D:1)
  A rat (D:1)
4 creatures vanquished.

Notes
Turn   | Place    | Note
-------+----------+-------------------------------------------
     0 | D:1      | wormed the Octopode Warper began the quest for the Orb.
     0 | D:1      | Reached XP level 1. HP: 14/14 MP: 3/3
    57 | D:1      | Slain by a ball python

Illustrated notes

Levels and vault maps discovered:
D:1:      dpeg_arrival_arbitrary_c, layout_basic, serial_shops, shop

Action                   || total
-------------------------++-------
Melee: Unarmed           ||    13
       Constrict         ||     4
       Tentacles         ||     1
Armor: Skin              ||     4
Dodge: Dodged            ||    12

Table legend: (Time is in decaauts)
 A = Elapsed time spent in this place.
 B = Non-inter-level travel time spent in this place.
 C = Inter-level travel time spent in this place.
 D = Time resting spent in this place.
 E = Time spent auto-exploring this place.
 F = Levels seen in this place.
 G = Mean time per level.
                   A        B        C        D        E       F      G
               +--------+--------+--------+--------+--------+-----+--------+
         Total |     56 |     56 |      0 |      0 |     19 |   1 |   56.0 |
       Dungeon |     56 |     56 |      0 |      0 |     19 |   1 |   56.0 |
               +--------+--------+--------+--------+--------+-----+--------+

Top non-repeatable levels by time:
     D:1: 56 daAuts
